 Dungeon Crawl Stone Soup version 0.29-a0-334-gb41bcbb86e (webtiles) character file.

Game seed: 9908384620961547077

3023 Dauddaud the Cleaver (level 9, -4/72 HPs)
             Began as a Minotaur Berserker on Apr 14, 2022.
             Was a Priest of Trog.
             Slain by a hornet (5 damage)
             ... while paralysed by a hornet
             ... on level 9 of the Dungeon.
             The game lasted 00:15:32 (5835 turns).

Dauddaud the Cleaver (Minotaur Berserker)           Turns: 5835, Time: 00:15:32

Health: -4/72      AC: 10    Str: 32    XL:     9   Next: 55%
Magic:  8/8        EV:  2    Int:  4    God:    Trog [***...]
Gold:   610        SH:  0    Dex: 10    Spells: 8/8 levels left

rFire   + . .      SeeInvis .   z - +4 spear (freeze)
rCold   . . .      Faith    .   (no shield)
rNeg    . . .      Spirit   .   F - +0 chain mail
rPois   .          Reflect  .   (helmet restricted)
rElec   .          Harm     .   (no cloak)
rCorr   .          Rampage  .   D - +0 pair of gloves of the Squeaky God {rC+}
Will    ++...                   (no boots)
Stlth   ..........              (no amulet)
HPRegen 1.22/turn               h - +6 ring of strength
MPRegen 0.11/turn               B - ring of fire

@: paralysed, lethally poisoned (-4 -> -4), strong-willed, on berserk cooldown,
regenerating, slowed
A: horns 2, retaliatory headbutt
a: Renounce Religion, Berserk, Trog's Hand


You were on level 9 of the Dungeon.
You worshipped Trog.
Trog was most pleased with you.
You visited 1 branch of the dungeon, and saw 9 of its levels.

You collected 610 gold pieces.

Inventory:

Hand Weapons
 a - a +0 hand axe
 z - a +4 spear of freezing (weapon)
 K - a +3 vorpal flail
Missiles
 s - 5 atropa-tipped darts (quivered)
 C - 4 poisoned darts
Armour
 b - a +0 animal skin
 m - a +0 leather armour
 n - a +0 scale mail
 y - a +0 ring mail
 D - the +0 pair of gloves of the Squeaky God (worn) {rC+}
   (You found it on level 6 of the Dungeon)

   rC:        It protects you from cold.
 F - a +0 chain mail (worn)
Jewellery
 h - a +6 ring of strength (left hand)
 B - a ring of fire (right hand)
 H - a +4 ring of evasion
Wands
 t - a wand of digging (7)
 x - a wand of acid (8)
 A - a wand of mindburst (23)
Scrolls
 d - 2 scrolls of enchant weapon {unknown}
 f - a scroll of fear {unknown}
 g - a scroll of holy word {unknown}
 i - 2 scrolls of enchant armour {unknown}
 j - 6 scrolls of identify {unknown}
 o - 6 scrolls of teleportation {unknown}
 q - a scroll of vulnerability {unknown}
 u - a scroll of blinking {unknown}
 v - a scroll of summoning {unknown}
 w - a scroll of acquirement {unknown}
 G - a scroll of noise {unknown}
 I - a scroll of amnesia {unknown}
Potions
 c - 2 potions of flight {unknown}
 e - a potion of degeneration {unknown}
 k - 3 potions of brilliance {unknown}
 l - 3 potions of haste {unknown}
 p - 3 potions of heal wounds {unknown}
 r - 3 potions of curing {unknown}
 E - a potion of attraction {unknown}
 J - a potion of mutation {unknown}


   Skills:
 * Level 4.5 Fighting
 - Level 10.8(12.7) Axes
 * Level 2.1(7.2) Maces & Flails
 - Level 10.4(12.4) Polearms
 + Level 3.9 Armour
 - Level 2.1 Dodging
 - Level 2.9 Stealth


You had 8 spell levels left.
You didn't know any spells.
Your spell library was empty.

Dungeon Overview and Level Annotations

Branches:
Dungeon (9/15)             Temple (0/1) D:7            Lair (0/6) D:8
    Orc: D:9-12

Altars:
Ashenzari
Cheibriados
Elyvilon
Hepliaklqana
Makhleb
Okawaru
Qazlal
Ru
Uskayaw
Vehumet
Yredelemnul


Innate Abilities, Weirdness & Mutations

You have a pair of horns on your head.
You reflexively headbutt those who attack you in melee.


Message History

You feel as though you will be slow longer.
You puncture the hornet! You freeze the hornet.
The hornet is heavily wounded.
You feel very sick. The hornet stings you.
You feel as though you will be slow longer.
You barely miss the hornet. Your headbutt misses the hornet.
The hornet is heavily wounded.
You feel sick.
The hornet stings you but does no damage.
You miss the hornet.
The hornet is heavily wounded.
You feel sick. The hornet misses you.
You hit the hornet but do no damage. Your headbutt misses the hornet.
The hornet is heavily wounded.
You feel sick. The hornet closely misses you. The hornet stings you.
You feel as though you will be slow longer.
You miss the hornet.
The hornet is heavily wounded.
You feel sick. The hornet stings you!
* * * LOW HITPOINT WARNING * * *
You feel as though you will be slow longer.
You hit the hornet. You freeze the hornet. Your headbutt misses the hornet.
The hornet is heavily wounded.
You feel sick. The hornet stings you.
* * * LOW HITPOINT WARNING * * *
You feel as though you will be slow longer.
You puncture the hornet! You freeze the hornet.
Your headbutt misses the hornet.
The hornet is almost dead.
You feel sick. The hornet stings you.
* * * LOW HITPOINT WARNING * * *
You feel as though you will be slow longer.
Your skin crawls.
You feel strong-willed.
You feel sick. The hornet stings you.
* * * LOW HITPOINT WARNING * * *
You suddenly lose the ability to move!
The hornet completely misses you.
You feel sick. The hornet stings you.
You die...

##
###.###..
##......#..
#.#........
#.#........
#...$......
##..[......
#..@.......
###y.......
#<.......
#..........
###........
.........
##.......
.......
.......


You could see a hornet.

Vanquished Creatures
  Joseph (D:7)
  A hornet (D:8)
  Grinder (D:6)
  2 steam dragons (D:7)
  Duvessa (D:7)
  A water moccasin (D:5)
  2 orc warriors
  3 sky beasts
  A black bear (D:5)
  2 centaurs
  A phantom (D:6)
  2 scorpions
  A necrophage (D:4)
  Dowan (D:7)
  3 wights (D:6)
  4 howler monkeys
  3 hounds
  2 jellies
  A gnoll shaman (D:7)
  3 iguanas
  2 orc wizards
  3 gnolls (D:7)
  6 adders
  An ufetubus (D:5)
  5 worms
  2 dart slugs
  24 orcs
  8 ball pythons
  3 bats
  6 endoplasms
  2 giant cockroaches
  5 goblins
  2 hobgoblins
  7 jackals
  4 kobolds
  2 quokkas
  6 frilled lizards
  6 rats
  A spectral hobgoblin (D:1)
131 creatures vanquished.

Vanquished Creatures (others)
  A sky beast (D:7)
  5 fungi (D:2)
  2 toadstools (D:2)
8 creatures vanquished.

Grand Total: 139 creatures vanquished

Notes
Turn   | Place    | Note
-------+----------+-------------------------------------------
     0 | D:1      | Dauddaud the Minotaur Berserker began the quest for the
                  | Orb.
     0 | D:1      | Reached XP level 1. HP: 19/19 MP: 0/0
   449 | D:1      | Reached XP level 2. HP: 20/26 MP: 1/1
   553 | D:1      | Found a faded altar of an unknown god.
  1034 | D:2      | Reached skill level 5 in Axes
  1034 | D:2      | Reached XP level 3. HP: 27/31 MP: 2/2
  1211 | D:2      | Reached ** piety under Trog
  1218 | D:2      | Reached XP level 4. HP: 29/39 MP: 3/3
  1516 | D:2      | Found a burning altar of Makhleb.
  2256 | D:3      | Reached skill level 1 in Stealth
  2536 | D:4      | Noticed a necrophage
  2545 | D:4      | Killed a necrophage
  2546 | D:4      | Reached XP level 5. HP: 45/45 MP: 4/4
  2975 | D:4      | Found a hazy altar of Hepliaklqana.
  3176 | D:4      | Found a stormy altar of Qazlal.
  3290 | D:5      | Entered Level 5 of the Dungeon
  3321 | D:5      | Noticed a black bear
  3326 | D:5      | Killed a black bear
  3327 | D:5      | Reached XP level 6. HP: 51/51 MP: 5/5
  3376 | D:5      | Found a hide-covered altar of Uskayaw.
  3457 | D:5      | Reached *** piety under Trog
  3580 | D:5      | Noticed a water moccasin
  3595 | D:5      | Killed a water moccasin
  3596 | D:5      | Reached XP level 7. HP: 53/57 MP: 6/6
  4320 | D:6      | Reached skill level 10 in Axes
  4629 | D:6      | Reached XP level 8. HP: 64/64 MP: 7/7
  4702 | D:6      | Noticed Grinder
  4709 | D:6      | Killed Grinder
  4710 | D:6      | Reached skill level 5 in Polearms
  4944 | D:6      | Identified the +0 pair of gloves of the Squeaky God {rC+}
  5046 | D:7      | Found a staircase to the Ecumenical Temple.
  5077 | D:7      | Noticed Duvessa
  5077 | D:7      | Noticed Dowan
  5092 | D:7      | Killed Duvessa
  5101 | D:7      | Killed Dowan
  5251 | D:7      | Reached XP level 9. HP: 57/70 MP: 8/8
  5617 | D:7      | Noticed Joseph
  5618 | D:7      | Found a radiant altar of Vehumet.
  5618 | D:7      | Found a sacrificial altar of Ru.
  5618 | D:7      | Found a white marble altar of Elyvilon.
  5618 | D:7      | Found a broken altar of Ashenzari.
  5625 | D:7      | Killed Joseph
  5626 | D:7      | Reached skill level 10 in Polearms
  5642 | D:7      | Found a basalt altar of Yredelemnul.
  5642 | D:7      | Found an iron altar of Okawaru.
  5762 | D:8      | Found a staircase to the Lair.
  5785 | D:8      | Found a snail-covered altar of Cheibriados.
  5801 | D:8      | Reached skill level 1 in Maces & Flails
  5834 | D:9      | HP: 1/72 [hornet (6)]
  5834 | D:9      | Paralysed by a hornet for 2 turns
  5835 | D:9      | Slain by a hornet

Illustrated notes

Levels and vault maps discovered:
D:1:      wander_arrival_estate, layout_basic,
          dreamdust_ecumenical_altar_drowned_temple, hex_tiny
D:2:      layout_rooms, basic_altar, minmay_gold_behind_fungi,
          minmay_door_square
D:3:      layout_rooms
D:4:      layout_loops_cross, lemuel_tele_altar, nicolae_overflow_crystal_walls,
          grunt_decor_junction, eino_curves_02
D:5:      layout_basic, amcnicky_altar_gilded, minivault_14
D:6:      layout_gridville, uniq_grinder
D:7:      layout_rooms, minmay_overflow_temple_hex, minmay_temple_entry_tees,
          hangedman_misty_isle, uniq_joseph, uniq_duvessa
D:8:      layout_rooms, mainiacjoe_overflow_paths, mainiacjoe_overflow_brackets,
          lair_entry_dummy, lightli_ossuary_entry_decrepit_ruins,
          lemuel_flame_loot_1
D:9:      layout_big_octagon, fedhas_altar_2

Skill      XL: |  1  2  3  4  5  6  7  8  9 |
---------------+----------------------------+-----
Axes           | 4 5 7 8 9 10 | 10.8
Stealth        | 1 2 |  2.9
Polearms       | 2 8 10 | 10.4
Fighting       | 4 |  4.5
Maces & Flails | 2 |  2.1
Armour         | 3 |  3.9
Dodging        | |  2.1

Action                   |  1- 3 |  4- 6 |  7- 9 || total
-------------------------+-------+-------+-------++-------
Melee: Hand axe          |    57 |   123 |    35 ||   215
       Headbutt          |     6 |    12 |    20 ||    38
       Spear             |       |       |   110 ||   110
       Punch             |       |       |     3 ||     3
Invok: Berserk           |     2 |     5 |     8 ||    15
       Trog's Hand       |     1 |       |     6 ||     7
 Stab: Sleeping          |     1 |     1 |       ||     2
Armor: Animal skin       |    15 |     5 |       ||    20
       Scale mail        |       |    30 |     4 ||    34
       Leather armour    |       |     1 |       ||     1
       Chain mail        |       |       |    18 ||    18
Dodge: Dodged            |    41 |    60 |    43 ||   144

Table legend: (Time is in decaauts)
 A = Elapsed time spent in this place.
 B = Non-inter-level travel time spent in this place.
 C = Inter-level travel time spent in this place.
 D = Time resting spent in this place.
 E = Time spent auto-exploring this place.
 F = Levels seen in this place.
 G = Mean time per level.
                   A        B        C        D        E       F      G
               +--------+--------+--------+--------+--------+-----+--------+
         Total |   5921 |   5696 |    225 |   1017 |   3861 |   9 |  657.9 |
       Dungeon |   5921 |   5696 |    225 |   1017 |   3861 |   9 |  657.9 |
               +--------+--------+--------+--------+--------+-----+--------+

Top non-repeatable levels by time:
     D:1: 1013 daAuts
     D:5: 991 daAuts
     D:4: 862 daAuts
     D:2: 783 daAuts
     D:6: 774 daAuts
     D:7: 756 daAuts
     D:3: 677 daAuts
     D:8: 38 daAuts
     D:9: 23 daAuts
